[Event "Romanian Rapid Open 2022"]
[Site "Sebes"]
[Date "2022.12.02"]
[Round "2.37"]
[White "Burja-Udrea, Razvan-Andrei"]
[Black "Vrencian, Lehel"]
[Result "0-1"]
[ECO "B83"]
[WhiteElo "1365"]
[BlackElo "2226"]
[Annotator "TA"]
[PlyCount "103"]
[EventDate "2022.12.02"]
[EventType "rapid"]
[EventCountry "ROU"]
[SourceTitle "playchess.com"]
[Source "ChessBase"]
[SourceQuality "1"]
[TimeControl "600+5"]

1. e4 c5 2. Nf3 e6 3. d4 cxd4 4. Nxd4 Nf6 5. Nc3 d6 6. Be3 Be7 7. Be2 O-O {[%emt 0:00:09] [#] B83: Sicilian Scheveningen: 6 Be2, lines without ...a6.} 8. h4 $146 ({Predecessor:} 8. f4 Nc6 9. Qd2 e5 10. Nb3 a5 11. a4 exf4 12. Bxf4 Be6 13. O-O-O Rc8 14. Kb1 Re8 15. Rhe1 Nb4 16. Bb5 Rf8 17. Bxd6 Bg4 18. Bxe7 Qxe7 {1-0 (33) So,W (2780)-Duda,J (2737) Chess.com INT 2018}) 8... Nc6 9. h5 d5 (9... h6 $142) 10. exd5 Nxd5 11. Nxd5 Qxd5 12. Nxc6 (12. O-O {simplifies} Nxd4 13. Qxd4 Qxd4 14. Bxd4 Bd7 15. c3) 12... Qxc6 13. Bf3 Qb5 14. Qe2 Qxb2 15. O-O h6 16. Rfd1 Rd8 {[%emt 0:01:34] Prevents Bd4.} 17. Rxd8+ Bxd8 18. Rd1 Bf6 19. Be4 Qe5 $2 (19... Qxa2 $2 20. Qb5 $18) (19... e5 $11 {and Black is okay.}) 20. Bd4 $1 $18 Qg5 21. Bxf6 Qxf6 22. Qd3 (22. Qd2 $142 {White threatens Qd8+ and mate.} g5 23. hxg6) 22... g5 23. Qb5 (23. hxg6 $18 {and the rest is easy.} fxg6 24. Bxg6) 23... Qe7 24. Qc4 (24. Qa5 $16 {aiming for Rd8+.} Kg7 25. Bf3 (25. Rd8 e5 $11)) 24... Bd7 $2 (24... e5 $11 {and Black stays safe.}) 25. Qc7 $1 Rd8 26. Qxb7 Kf8 27. Qb2 $2 ({Don't take} 27. Qxa7 $6 Be8 28. Qxe7+ Kxe7 29. Rxd8 Kxd8 $14) ({White has to play} 27. Qc7 $1 $18) 27... f6 $2 {[%emt 0:00:04][%mdl 8192] [#]} (27... e5 $11) 28. Bg6 $2 (28. Qd4 $1 $18) 28... Bc6 $11 29. Rxd8+ Qxd8 {[%emt 0:00:01][%mdl 4096] Endgame KQB-KQB} 30. Qa3+ Qe7 31. Qxe7+ (31. Qb3 $11) 31... Kxe7 {[%emt 0:00:01] KB-KB} 32. c3 (32. g3 $17) 32... a5 33. Kf1 Bb5+ ({Better is} 33... Kd6 $19 {White must now prevent ...Bd5.} 34. f3 a4) 34. Ke1 $17 Kd6 35. Kd2 Kc5 36. Bf7 e5 (36... Bc6 $17 37. g3 Bd5) 37. g3 (37. Be6 $1 $11) 37... f5 38. Ke3 $2 {[%emt 0:00:22][%mdl 8192] [#]} (38. a3 $17) 38... Bc4 $1 $19 39. Bxc4 Kxc4 {[%emt 0:00:01] KP-KP} 40. Kd2 f4 $2 ({Black should play} 40... a4 $19 41. f3 e4 42. fxe4 fxe4) 41. gxf4 $1 $11 exf4 (41... gxf4 $5 42. f3 $8 Kb5 $11) 42. f3 a4 43. Kc2 $1 Kd5 (43... a3 $5) 44. Kd3 Kc5 45. a3 Kd5 46. c4+ Kc5 (46... Ke5 $5) 47. Kc3 Kc6 48. Kd4 Kd6 49. c5+ Kc6 50. Kc4 Kc7 51. Kd5 $2 (51. Kc3 $11) 51... g4 $1 $19 52. Ke4 {[%emt 0:00:03] Never resign too early!   Weighted Error Value: White=0.87/Black=0.69} 0-1

[Event "Romanian Rapid Open 2022"]
[Site "Sebes"]
[Date "2022.12.02"]
[Round "2.38"]
[White "Calugareanu, Ioana-Denisa"]
[Black "Negrean, Andrei"]
[Result "1/2-1/2"]
[ECO "E17"]
[WhiteElo "1396"]
[BlackElo "1991"]
[Annotator "TA"]
[PlyCount "135"]
[EventDate "2022.12.02"]
[EventType "rapid"]
[EventCountry "ROU"]
[SourceTitle "playchess.com"]
[Source "ChessBase"]
[SourceQuality "1"]
[TimeControl "600+5"]

1. d4 Nf6 2. c4 e6 3. Nf3 d5 4. Nbd2 b6 5. g3 Bb7 6. Bg2 Be7 7. O-O O-O 8. b3 Nbd7 {[%emt 0:00:00] 8...c5 gains popularity.} 9. Bb2 c5 10. e3 cxd4 {[%emt 0:00:00] E17: Queen's Indian: 4 g3 Bb7 5 Bg2 Be7.} 11. Nxd4 Nc5 {[%emt 0:00:00] [#]} 12. cxd5 $146 ({Predecessor:} 12. Rc1 Nd3 13. Rb1 Nxb2 14. Rxb2 Rc8 15. Qe2 Qd7 16. Rd1 Rfd8 17. Rbb1 dxc4 18. Bxb7 Qxb7 19. Nxc4 {0-1 (42) Parasics,G (1248)-Kovacs,T (1567) Szolnok 2022}) 12... Bxd5 {[%emt 0:00:00] The position is equal.} 13. Bxd5 Qxd5 14. Qf3 Rac8 15. Qxd5 Nxd5 16. Ba3 Bf6 17. N2f3 g5 18. g4 (18. e4 $5 ) 18... Rfd8 19. Rac1 h5 20. h3 hxg4 21. hxg4 Nd3 22. Rxc8 Rxc8 23. Rd1 N3b4 24. Bxb4 Nxb4 25. a3 Nd5 26. Nb5 a6 27. Nd6 Rc3 28. Rb1 Be7 29. Ne4 Rc2 30. Nd4 {[%emt 0:00:00] Prevents b5.} Rc7 31. a4 Kg7 32. Kg2 Kg6 33. Kg3 Rc8 34. Nf3 f6 35. Nd4 (35. Rd1 $11 {is superior.}) 35... Kf7 (35... f5 $15 36. Nd2 f4+ 37. exf4 Nxf4) 36. Rh1 $11 e5 37. Nf5 Rc2 $2 {[%emt 0:00:06][%mdl 8192] [#]} (37... Rc7 $14) 38. Rh7+ $2 (38. Rd1 $1 $18 {is the precise move to win.}) 38... Ke6 $16 39. Ng7+ {[%emt 0:00:14] Pair of Knights!} Kd7 40. Nf5 {[%emt 0:00:06][%cal Oe4f6] Hoping for Nxf6+!} (40. Kf3 $5 ) 40... Ke6 41. Ng7+ Kd7 $1 42. Nf5 (42. Kf3 $14) 42... Rb2 $2 {[%emt 0:00:09][%mdl 8192] [#]} (42... Ke6 $11 {and Black is okay.}) 43. Nxf6+ $1 $18 Nxf6 44. Rxe7+ {[%emt 0:00:01][%mdl 4096] Endgame KRN-KRN} Kd8 45. Rxe5 Rxb3 46. Re6 Nd7 47. Rd6 Kc7 48. Rd4 Ra3 49. Ne7 (49. f4 $16 gxf4+ 50. Kxf4) 49... Nc5 $11 50. Nd5+ Kb7 51. Rb4 (51. Kh2 $5 ) 51... Nxa4 52. f4 gxf4+ (52... a5 $11 {remains equal.} 53. Rc4 Rd3) 53. Kxf4 $16 {[%emt 0:00:01] Black must now prevent g5.} ({But not} 53. Rxf4 $6 Nc5 $11) 53... b5 $2 (53... Kc6 $16 {is more resistant.} 54. Rd4 Nc5) 54. g5 $18 Ra1 55. Kf5 Nc5 56. g6 {[%emt 0:00:10] Threatening mate with g7.} Rg1 {[%emt 0:00:04] Inhibits g7.} 57. Rg4 Rxg4 58. Kxg4 {[%emt 0:00:01] KN-KN} Ne6 59. Kf5 Ng7+ 60. Kf6 Nh5+ 61. Kg5 Ng7 62. Kf6 (62. e4 $142 Ne8 63. Nf6 Ng7 64. Kh6 Ne6 65. Nd5 Kc6 {[#]} 66. Nf4 $1 Nxf4 67. g7) 62... Nh5+ 63. Kg5 Ng7 64. Kf6 Nh5+ 65. Kg5 Ng7 66. Kf6 Nh5+ 67. Kg5 Ng7 68. Kf6 $2 {[%emt 0:00:00] Weighted Error Value: White=0.26 (precise) /Black=0.64} (68. e4 $18 Ne8 69. Nf6) 1/2-1/2

[Event "Romanian Rapid Open 2022"]
[Site "Sebes"]
[Date "2022.12.02"]
[Round "2.39"]
[White "Tamas, Christian-Arrydan"]
[Black "Bichis, Tudor"]
[Result "1-0"]
[ECO "A18"]
[WhiteElo "1917"]
[BlackElo "1145"]
[Annotator "TA"]
[PlyCount "55"]
[EventDate "2022.12.02"]
[EventType "rapid"]
[EventCountry "ROU"]
[SourceTitle "playchess.com"]
[Source "ChessBase"]
[SourceQuality "1"]
[TimeControl "600+5"]

1. d4 Nf6 2. c4 e6 3. Nc3 Be7 4. e4 O-O 5. Nf3 d6 6. Be2 {[%emt 0:00:02] White is more active.} Nbd7 {[%emt 0:00:08] A18: English Opening: Flohr-Mikenas System (1 c4 Nf6 2 Nc3 e6 3 e4).} 7. O-O b6 8. Qc2 Bb7 {[%emt 0:00:05] White is better.} 9. h3 {[%emt 0:00:09] [#]} d5 $146 ({Predecessor:} 9... e5 10. Be3 Re8 11. Rad1 Bf8 12. dxe5 Nxe5 13. Nxe5 Rxe5 14. Bd4 Re8 15. f3 Nd7 {1-0 (55) Samaganova,A (1993)-Vo,T (2335) Chess.com INT 2021}) 10. e5 Ne4 11. Bd3 $36 {[%emt 0:02:21][%cal Be2d3,Bd3h7,Bh7f5][%mdl 2080] aiming for cxd5. White has good play.} Ng5 $2 (11... f5 $14) 12. Nxg5 $18 Bxg5 13. Bxh7+ Kh8 14. cxd5 exd5 15. Bf5 Bxc1 16. Raxc1 ({Much less strong is} 16. Qxc1 $6 c6 17. Qf4 Re8 $18) 16... c5 17. Qe2 {[%emt 0:00:46] [#] White wants to mate with Qh5+.} g6 {[%emt 0:00:17] Inhibits Qh5+.} 18. Bxd7 Qxd7 19. Qd2 Qf5 $2 (19... Kg8 {might work better.} 20. Rcd1 Rfd8) 20. Nb5 Ba6 21. Nd6 Qe6 22. Rfe1 ({Not} 22. Qh6+ Kg8 23. Rfd1 Rad8 $18) 22... cxd4 23. Qxd4 {[%emt 0:00:01] Black must now prevent Rc7.} f6 (23... Rad8 $18 24. Qa4 Bc4) 24. Rc7 {[%emt 0:00:33] White mates.} g5 25. Qd1 g4 26. Qd2 fxe5 {[%emt 0:00:15] [#]} 27. Qg5 $1 Rf6 (27... Rf7 28. Nxf7+) 28. Qg7# {[%emt 0:00:02] Black did not feel at home in the position after the opening.   Weighted Error Value: White=0.06 (flawless) /Black=0.84} 1-0

[Event "Romanian Rapid Open 2022"]
[Site "Sebes"]
[Date "2022.12.02"]
[Round "2.40"]
[White "Schmit, Andrei-Marian"]
[Black "Chicarosie, Ioana-Bianca"]
[Result "1-0"]
[ECO "E61"]
[WhiteElo "1323"]
[BlackElo "1815"]
[Annotator "NA RC COMBH"]
[PlyCount "95"]
[EventDate "2022.12.02"]
[EventType "rapid"]
[EventCountry "ROU"]
[SourceTitle "playchess.com"]
[Source "ChessBase"]
[SourceQuality "1"]
[TimeControl "600+5"]

1. d4 Nf6 2. Nf3 g6 3. Bf4 Bg7 4. e3 d6 5. Be2 O-O 6. O-O Nbd7 7. c4 c5 8. Nc3 Re8 9. h3 b6 10. Re1 Bb7 11. d5 h6 12. Rc1 Nf8 13. a3 g5 14. Bg3 Ng6 15. Bd3 Bc8 16. Bxg6 fxg6 17. e4 g4 18. hxg4 Bxg4 19. Qd3 Nh5 20. Bh2 Rf8 21. Re3 Nf4 22. Bxf4 Rxf4 23. Ne2 Rf7 24. e5 Bxf3 25. e6 Rf5 26. Rxf3 Rxf3 27. Qxf3 Bxb2 28. Rd1 Qf8 29. Qg3 Kh7 30. Nf4 Qg7 31. Rd3 Be5 32. Qf3 Rf8 33. g3 Kh8 34. Qg4 Qf6 35. Nxg6+ Kh7 36. Nxf8+ Qxf8 37. Rf3 Qg8 38. Rf7+ Kh8 39. Qxg8+ Kxg8 40. Rxe7 Kf8 41. Rxa7 Ke8 42. Rb7 Bb2 43. Rxb6 Bxa3 44. Rxd6 Bb4 45. Rd7 Ba5 46. d6 Bb4 47. Re7+ Kd8 48. Rh7 1-0

[Event "Romanian Rapid Open 2022"]
[Site "Sebes"]
[Date "2022.12.02"]
[Round "3.1"]
[White "Manea, Alexandru"]
[Black "Jianu, Vlad-Cristian"]
[Result "0-1"]
[ECO "B10"]
[WhiteElo "2339"]
[BlackElo "2516"]
[Annotator "TA"]
[PlyCount "58"]
[EventDate "2022.12.02"]
[EventType "rapid"]
[EventCountry "ROU"]
[SourceTitle "playchess.com"]
[Source "ChessBase"]
[SourceQuality "1"]
[TimeControl "600+5"]

1. e4 c6 2. Nf3 d5 3. d3 g6 4. e5 Bg7 5. d4 f6 6. exf6 {[%emt 0:00:06] B10: Caro-Kann: 2 d3 and 2 c4.} Nxf6 7. Bd3 O-O 8. O-O {[%emt 0:00:02] The position is equal.} c5 9. c3 Nc6 {[%emt 0:00:05] [#]} 10. dxc5 $146 ({Predecessor:} 10. h3 Nh5 11. Be3 Nf4 12. Be2 Nxe2+ 13. Qxe2 c4 14. Re1 Bf5 15. Bg5 Bf6 16. Bh6 {1-0 (68) Altun,A (2297)-Aydin,G (2069) Ayvalik 2022}) 10... e5 {[%emt 0:00:14] Threatens to win with ...e4.} 11. Be2 a5 (11... Ne4 {keeps more tension.} 12. b4 a5 13. b5 Ne7) 12. Bg5 (12. Na3 {with more complications.} Ne4 13. Be3 d4 14. cxd4 exd4 15. Qb3+) 12... Be6 13. Nbd2 (13. Na3 $5) 13... Qe7 14. Bb5 e4 15. Nd4 Bd7 16. a4 Qxc5 17. N2b3 Qd6 18. h3 {[%emt 0:00:08] Inhibits Ng4.} (18. Be2 {simplifies} Nxd4 19. Nxd4 Rf7 20. Be3) 18... Nh5 19. c4 Qe5 20. Be3 Nf4 21. cxd5 (21. Ne2 $14 {deserves consideration.} Nd3 22. cxd5 Qxd5 23. Nc5 $1) 21... Nxd5 (21... Nxd4 $11 22. Bxd7 Nde2+ 23. Kh1 Qxb2 24. Bxf4 Rxf4) 22. Nxc6 (22. Bc4 $14) 22... bxc6 $11 23. Bd4 $2 (23. Bc4 $1 $11 {and White has nothing to worry.}) 23... Qg5 $19 {[%emt 0:00:06][%cal Od7h3] Strongly threatening ...Bxh3!} 24. h4 Qxh4 25. Bxg7 Kxg7 26. Nc5 Rf5 $40 {[%emt 0:01:12][%mdl 128] Black attacks with force.} (26... Bg4 $19 27. Qd4+ Qf6 28. Qxf6+ Nxf6) 27. Qd4+ {[%emt 0:00:09] [#]} (27. g3 $17 Qh3 28. Be2) 27... Kh6 $1 {[%emt 0:00:24][%cal Of5h5] ...Rh5! is the strong threat.} 28. g3 (28. Nxd7 $2 {perishes.} Rh5 29. f3 Qh2+ 30. Kf2 e3+ 31. Ke1 cxb5 $19) 28... Qh3 {[%emt 0:00:19] And now ...Rh5 would win. Dancing on a razor blade.} 29. Qxe4 $2 (29. Be2 Rg5 30. Qxe4) 29... Rh5 {[%emt 0:00:05] Weighted Error Value: White=0.55/Black=0.19 (very precise)} 0-1

[Event "Romanian Rapid Open 2022"]
[Site "Sebes"]
[Date "2022.12.02"]
[Round "3.2"]
[White "Ardelean, George-Catalin"]
[Black "Itkis, Boris"]
[Result "1-0"]
[ECO "A45"]
[WhiteElo "2473"]
[BlackElo "2343"]
[Annotator "TA"]
[PlyCount "95"]
[EventDate "2022.12.02"]
[EventType "rapid"]
[EventCountry "ROU"]
[SourceTitle "playchess.com"]
[Source "ChessBase"]
[SourceQuality "1"]
[TimeControl "600+5"]

1. d4 Nf6 2. Bf4 c5 3. e3 d6 4. Nc3 Nbd7 5. Nf3 g6 6. Be2 {[%emt 0:00:46] A45: Trompowsky Attack.} Bg7 7. h3 O-O 8. O-O {[%emt 0:00:04] The position is equal.} a6 9. a4 {[%emt 0:00:07] Against b5} b6 10. Re1 Bb7 11. d5 $1 Rb8 12. e4 {[%emt 0:01:18] Inhibits b5. White is more active.} Ne8 13. Bf1 Nc7 14. Bh2 Ba8 {[%emt 0:00:15] [#]} 15. Qd2 $146 ({Predecessor:} 15. e5 Nxe5 16. Nxe5 dxe5 17. Bxe5 Bxe5 18. Rxe5 Qd6 19. Qe1 e6 20. dxe6 Nxe6 21. Rd1 {1-0 (38) Karas,M (2284)-Chigaev,M (2631) Chess.com INT 2022}) 15... b5 16. axb5 axb5 17. Rab1 b4 18. Nd1 Nb5 19. Ne3 Nd4 20. Nxd4 Bxd4 21. c3 Bg7 22. Nc4 Nb6 23. cxb4 Nxc4 24. Bxc4 {[%emt 0:00:02] [#] Threatens to win with bxc5.} Rxb4 25. b3 Bb7 26. e5 Qb6 27. Qd3 Ra8 28. Bg3 h6 29. Bf4 (29. Re3 $14) 29... Ba6 $11 30. Ra1 {[%emt 0:00:13] [#] Black must now prevent Bd2.} Bb7 $2 {[%emt 0:00:06][%mdl 8192] White stays focused until the end.} (30... Qd8 $11) 31. Rxa8+ $18 Bxa8 32. e6 {[%emt 0:00:06] Strongly threatening exf7+.} Qd8 $2 (32... f5 33. Bd2 Qb8 34. Bxb4 Qxb4) 33. exf7+ Kxf7 34. Re6 Bf6 35. Bxh6 Bb7 36. Bd2 Bc8 37. Bxb4 cxb4 38. Re2 Qa5 39. Re1 {[%emt 0:00:23] Prevents Qa1.} Qa2 40. Qe2 Qa7 41. Bd3 Qd4 42. Qe4 Qxe4 43. Bxe4 {[%emt 0:00:01] KRB-KB} Bc3 44. Re2 Kf6 45. Bd3 Bd4 46. Kh2 Bd7 (46... Be5+ {might work better.} 47. g3 g5) 47. f4 Bc8 48. g4 {[%emt 0:00:10] Weighted Error Value: White=0.23 (precise) /Black=0.30} 1-0

[Event "Romanian Rapid Open 2022"]
[Site "Sebes"]
[Date "2022.12.02"]
[Round "3.3"]
[White "Ciorgovean, Iustin"]
[Black "Gavrilescu, David"]
[Result "0-1"]
[ECO "E01"]
[WhiteElo "2319"]
[BlackElo "2523"]
[Annotator "TA"]
[PlyCount "66"]
[EventDate "2022.12.02"]
[EventType "rapid"]
[EventCountry "ROU"]
[SourceTitle "playchess.com"]
[Source "ChessBase"]
[SourceQuality "1"]
[TimeControl "600+5"]

1. d4 d5 2. c4 e6 3. Nf3 Nf6 4. g3 Bb4+ 5. Bd2 Bd6 6. Bg2 {[%emt 0:00:08] E01: Catalan: Early deviations.} c6 7. O-O Nbd7 8. Bc3 {[%emt 0:00:40] The position is equal.} Ne4 9. Nbd2 {[%emt 0:00:10] [#]} Nxd2 $146 ({Predecessor:} 9... Nxc3 10. bxc3 O-O 11. e4 dxe4 12. Nxe4 Be7 13. Re1 Qc7 14. a4 Rd8 15. Qc2 h6 {½-½ (33) Vrolijk,L (2476)-Bluebaum,M (2642) Germany 2022}) 10. Nxd2 f5 $1 {[%emt 0:00:02] Inhibits e4.} 11. b4 O-O 12. e3 Nf6 13. a4 Bd7 14. b5 Qe7 15. Qb3 g5 16. Nf3 Ne4 17. Ne5 Bxe5 18. dxe5 dxc4 19. Qb2 Nxc3 20. Qxc3 cxb5 21. Bxb7 Rab8 22. Ba6 Bc6 {[%emt 0:00:21] aiming for ...b4.} 23. Bxb5 Bd5 24. Rac1 Rbc8 $36 {[%emt 0:00:08][%mdl 2048] Black fights for an advantage.} 25. f3 Qb7 (25... Qc5 $15) 26. Qa5 Bxf3 {[%emt 0:00:45] White must now prevent ...Bd5.} (26... Qb8 {simplifies} 27. f4 Rfd8 28. Rfd1 gxf4 29. exf4 a6) 27. Bxc4 (27. Rxc4 $11 {and White stays safe.} Bd5 28. Ba6) 27... Qb2 $19 {[%emt 0:00:11][%csl Gf3][%cal Rb2g2] [#]} 28. Bxe6+ (28. Rxf3 $142 Qxc1+ 29. Bf1) 28... Kh8 29. Rxf3 Qxc1+ 30. Rf1 Qxe3+ {[%emt 0:00:02] Black mates.} 31. Kh1 Qe4+ 32. Kg1 Rc2 33. Qd5 Qe2 {[%emt 0:00:11] Weighted Error Value: White=0.61/Black=0.07 (flawless)} ({Weaker is} 33... Qxa4 34. Qd6 Qe8 35. Bxf5 $17) 0-1

[Event "Romanian Rapid Open 2022"]
[Site "Sebes"]
[Date "2022.12.02"]
[Round "3.4"]
[White "Miron, Lucian-Costin"]
[Black "Cosma, Elena-Luminita"]
[Result "1-0"]
[ECO "E04"]
[WhiteElo "2510"]
[BlackElo "2244"]
[Annotator "TA"]
[PlyCount "103"]
[EventDate "2022.12.02"]
[EventType "rapid"]
[EventCountry "ROU"]
[SourceTitle "playchess.com"]
[Source "ChessBase"]
[SourceQuality "1"]
[TimeControl "600+5"]

1. Nf3 d5 2. g3 c5 3. Bg2 Nc6 4. d4 e6 5. O-O Nf6 6. c4 dxc4 7. dxc5 Qxd1 8. Rxd1 Bxc5 9. Nbd2 c3 10. bxc3 O-O 11. Nb3 Be7 12. c4 Bd7 13. Bf4 {[%emt 0:00:25] E04: Open Catalan: 5 Nf3.} Rac8 14. c5 Rfd8 {[%emt 0:00:42] [#]} 15. Ne1 $146 {[%emt 0:02:38] The position is equal.} ({Predecessor:} 15. Rac1 Nd5 16. Bd2 b6 17. Bf1 bxc5 18. Nxc5 Bxc5 19. Rxc5 Nd4 20. Rdc1 Nxf3+ 21. exf3 Rxc5 22. Rxc5 {½-½ (48) Stefanova,A (2509)-Tan,Z (2504) Huaian 2016}) 15... e5 16. Be3 Be6 (16... Bg4 $5 ) 17. Nd3 (17. Rxd8+ $11 {remains equal.} Bxd8 18. Nd3) 17... Bd5 (17... Nd5 $17 18. Bd2 f5) 18. Rab1 Bxg2 (18... e4 $5 19. Nf4 Bxb3 20. axb3 g5 $15) 19. Kxg2 Nd5 {[%emt 0:00:12] And now ...Nc3 would win.} 20. Bd2 {[%emt 0:00:10] Prevents Nc3.} e4 21. Nf4 Bf6 22. Nxd5 Rxd5 23. Be3 Rcd8 24. Rxd5 Rxd5 25. Nd2 Bd4 {[%emt 0:00:01] White must now prevent ...Bxe3.} 26. Nxe4 Bxe3 27. fxe3 $14 {[%emt 0:00:04][%mdl 4096] Endgame KRN-KRN} f5 28. Ng5 h6 29. Nf3 Rxc5 30. Rxb7 Rc2 31. Rc7 {[%emt 0:00:42] aiming for Kf2.} Rxe2+ 32. Kf1 Rxe3 33. Rc8+ (33. Nh4 $11 Nd4 34. Rxa7) 33... Kh7 $1 $15 34. Kf2 Re6 35. Rc7 a5 (35... a6 $1 $15) 36. h4 $11 Ne5 37. Nd4 {[%emt 0:00:08] [#]} (37. Nxe5 $1 $11 Rxe5 38. Ra7) 37... Ng4+ (37... Rd6 $1 $17 38. Ke3 (38. Nxf5 Rf6 $17) (38. Rxg7+ $2 Kh8 $17) 38... Ng4+ 39. Kd3 Rd5) 38. Kf3 Re3+ 39. Kg2 Re4 ({Better is} 39... Kg6 $15 40. h5+ Kf6) 40. Nxf5 h5 41. Rxg7+ Kh8 {[%emt 0:00:01] ...Re5 is the strong threat.} 42. Ra7 (42. Rg5 $14 Nf6 43. Kf3) 42... Re2+ (42... Ra4 $1 $11 {keeps the balance.}) 43. Kf3 $16 Rxa2 $2 {[%emt 0:00:06] [#] Black cannot hold the game after this.} (43... Rf2+ $16 44. Ke4 Nf6+ 45. Ke5 Ng4+ 46. Ke6 Rxa2) 44. Kf4 $1 $18 Rf2+ 45. Kg5 {[%emt 0:00:02] White is clearly winning.} Kg8 (45... Rb2 $142 46. Kxh5 Nf6+ 47. Kg6 Rb6 48. Ra8+ Ng8+ 49. Kg5 Rb7) 46. Rxa5 Kf8 47. Kxh5 Nf6+ 48. Kg6 Ne8 49. Ra8 Rf3 50. g4 Rf4 51. Kg5 Rb4 52. Nd6 {[%emt 0:00:08] Weighted Error Value: White=0.20 (precise) /Black=0.33} 1-0

[Event "Romanian Rapid Open 2022"]
[Site "Sebes"]
[Date "2022.12.02"]
[Round "3.5"]
[White "Filip, Andrei"]
[Black "Costachi, Mihnea"]
[Result "1/2-1/2"]
[ECO "C54"]
[WhiteElo "2331"]
[BlackElo "2476"]
[Annotator "TA"]
[PlyCount "64"]
[EventDate "2022.12.02"]
[EventType "rapid"]
[EventCountry "ROU"]
[SourceTitle "playchess.com"]
[Source "ChessBase"]
[SourceQuality "1"]
[TimeControl "600+5"]

1. e4 e5 2. Nf3 Nc6 3. Bc4 Bc5 4. c3 Nf6 5. d3 d6 6. a4 a6 7. O-O h6 8. Re1 $1 {[%emt 0:00:10] 8.Re1 scores better than 8.Nbd2. C54: Giuoco Piano: 4 c3 Nf6, main lines with 5 d4 and 5 d3.} (8. b4 {simplifies} Ba7 9. Be3 Bxe3 10. fxe3 O-O 11. Nbd2) 8... O-O 9. Nbd2 {[%emt 0:00:19][%cal Bb1d2,Bd2f1,Bf1e3][%mdl 32] [#]} Nh5 $146 ({Predecessor:} 9... Ne7 10. d4 exd4 11. Nb3 Ba7 12. Nbxd4 Ng6 13. Qc2 Re8 14. h3 c5 15. Nf5 Bxf5 16. exf5 Rxe1+ 17. Nxe1 {½-½ (35) Vachier Lagrave,M (2750)-Topalov,V (2730) Stavanger 2022}) 10. Nf1 {[%emt 0:01:01] White is slightly better.} Qf6 11. Be3 (11. g3 {feels hotter.} Bg4 12. Kg2 Ne7 13. h3) 11... Bxe3 12. Nxe3 Ne7 13. d4 (13. g3 {simplifies} Be6 14. b3 Bxc4 15. bxc4 Qe6 16. d4) 13... Nf4 14. g3 Nh3+ 15. Kg2 c6 16. Qc2 Ng6 17. dxe5 (17. Nf5 $14) 17... dxe5 (17... Nxe5 $11 18. Nxe5 dxe5) 18. Nf5 (18. Rad1 {simplifies} Ng5 19. Nxg5 Qxg5 20. Kh1) 18... Ne7 19. N3h4 ({Don't play} 19. Kxh3 Nxf5 20. Kg2 Nd6 $11) (19. Qe2 $5 ) 19... Ng5 (19... Nxf5 {simplifies} 20. exf5 Ng5 21. f3 Bd7) 20. Nxe7+ Qxe7 21. Nf5 Bxf5 22. exf5 {[%emt 0:00:01] Threatens to win with f4.} Qc5 {[%emt 0:00:01] Against f4} 23. Qe2 (23. h4 $11) 23... e4 $1 $15 24. f6 Qf5 {[%emt 0:00:45] [#] White must now prevent ...Qh3+.} 25. Qh5 {[%emt 0:00:29] Against Qh3+} ({Wrong is} 25. h4 $2 Qh3+ 26. Kg1 Nf3+ $19) 25... g6 26. Qxh6 {[%emt 0:00:09][%csl Gf6][%cal Rh6g7] Active counter play!} Qxf6 (26... Qf3+ $11 {remains equal.} 27. Kf1 Qh1+ 28. Ke2 Qf3+ 29. Kf1 Qh1+ 30. Ke2 Qf3+ 31. Kf1) 27. h4 $36 {[%emt 0:00:18][%mdl 2048] White is more active.} (27. Re3 $5 ) 27... Qf3+ 28. Kf1 $1 Qh1+ $1 29. Ke2 Qf3+ 30. Kf1 {[%emt 0:00:04] The board is on fire.} Qh1+ $1 31. Ke2 Qf3+ 32. Kf1 Qh1+ $1 {[%emt 0:00:02] Weighted Error Value: White=0.19 (very precise) /Black=0.13 (very precise)} 1/2-1/2